AoeStats
← 帝国的铁汉

Nomad

508049068Analyzed
3v3 RM · 12d ago on Sep 20, 2026· 44m 56s· 6 players
Game mode
Random Map
Map size
210×210
Population
200
Speed
Normal
Resources
Standard
Victory
Conquest
Starting age
Dark Age
Ending age
Imperial Age
RankedLock teamsTeams togetherTeam positionsShared explorationLock speedFull tech treeHidden civsTurbo modeCheats
Victory
Defeat
🇨🇭 Italians · Switzerland
1441
+9
🇭🇺 Malay · Hungary
1261
+16
🇨🇭 Dravidians · Switzerland
1196
+19
🇨🇳 Muisca · China
1426
-20
🇨🇳 Wu · China
1381
-19
🇭🇰 Berbers · Hong Kong SAR China
984
-5
帝国的铁汉
12:33 Loom
14:35 Feudal Age
21:26 Castle Age
19:48 Double-Bit Axe
20:30 Fletching
26:17 Town Watch
王大狗魔祖师
3:58 Loom
13:25 Feudal Age
18:08 Castle Age
16:44 Double-Bit Axe
18:36 Forging
18:02 Champi Runner
20:11 Scale Mail Armor
20:06 Champi Warrior
27:05 Medium Warships
27:16 Squires
29:01 Chain Mail Armor
29:44 Horse Collar
38:14 Wheelbarrow
38:58 Iron Casting
45:31 Imperial Age
46:53 Imperial Age
为何独自愁
7:54 Loom
14:50 Feudal Age
15:27 Double-Bit Axe
17:56 Horse Collar
20:55 Castle Age
20:22 Gold Mining
Zaphod
5:15 Loom
11:54 Feudal Age
13:04 Double-Bit Axe
13:37 Fletching
21:01 Castle Age
20:00 Fishing Lines
21:07 Wheelbarrow
20:19 Town Watch
20:43 Padded Archer Armor
20:53 Forging
21:42 Bodkin Arrow
22:05 Bow Saw
22:30 Medium Warships
23:49 Wheelbarrow
25:09 Gold Mining
25:51 Gillnets
27:32 Horse Collar
28:31 Stone Mining
29:16 Hand Cart
33:40 Imperial Age
31:51 Heavy Plow
32:34 Stone Shaft Mining
33:17 Leather Archer Armor
35:31 Chemistry
35:00 Bracer
35:44 Ballistics
36:07 Masonry
36:09 Murder Holes
35:57 Treadmill Crane
37:08 Masonry
39:09 Architecture
39:31 Ring Archer Armor
39:17 Squires
39:18 Scale Mail Armor
39:54 Iron Casting
40:33 Two-Man Saw
39:22 Town Watch
41:34 Chain Mail Armor
43:54 Plate Mail Armor
44:52 Blast Furnace
peterbrny
3:18 Loom
14:07 Feudal Age
15:26 Double-Bit Axe
16:34 Fishing Lines
20:58 Castle Age
18:53 Stone Mining
21:28 Forging
21:47 Medium Warships
24:59 Wheelbarrow
25:31 Gillnets
27:53 Hand Cart
28:03 Fletching
WiTcH_DocTaH_88
5:38 Loom
12:34 Feudal Age
17:08 Fletching
23:10 Castle Age
20:57 Double-Bit Axe
22:57 Horse Collar
23:10 Gold Mining
23:37 Padded Archer Armor
23:35 Crossbowman
24:46 Thumb Ring
25:29 Ballistics
25:02 Elite Skirmisher
26:16 Fishing Lines
29:48 Wheelbarrow
36:47 Hand Cart
40:03 Imperial Age
39:03 Town Watch
42:04 Chemistry
42:02 Conscription
Connection lost

Rejoining the realm…

Still unreachable

The connection could not be restored.

Session expired

The server has moved on; the page needs a fresh start.